AoeStats
← I'm AOE2 Noob

Arabia

505174436Analyzed
4v4 RM · 24d ago on Sep 8, 2026· 29m 13s· 8 players
Game mode
Random Map
Map size
Large (8 player)
Population
200
Speed
Normal
Resources
Standard
Victory
Conquest
Starting age
Dark Age
Ending age
Imperial Age
RankedLock teamsTeams togetherTeam positionsShared explorationLock speedFull tech treeHidden civsTurbo modeCheats
Victory
Defeat
🇨🇳 Khitans · China
1600
+11
🇨🇳 Japanese · China
1575
+12
🇳🇿 Ethiopians · New Zealand
1538
+13
🇨🇳 Celts · China
1520
+14
🇲🇽 Wu · Mexico
1571
-15
🇵🇪 Byzantines · Peru
1535
-15
🇦🇷 Tupi · Argentina
1484
-13
🇲🇽 Spanish · Mexico
1313
-7
IamAlPTremo
6:33 Loom
8:56 Feudal Age
9:29 Double-Bit Axe
14:23 Horse Collar
18:02 Scale Barding Armor
19:37 Bloodlines
23:08 Castle Age
21:59 Gold Mining
23:04 Forging
23:12 Light Cavalry
24:35 Bloodlines
26:30 Chain Barding Armor
dimeFray
6:19 Loom
9:17 Feudal Age
10:26 Double-Bit Axe
25:33 Castle Age
23:24 Horse Collar
DYN_BenderGC
8:44 Feudal Age
10:52 Double-Bit Axe
12:02 Loom
13:11 Fletching
17:07 Padded Archer Armor
19:23 Gold Mining
23:00 Castle Age
24:04 Bodkin Arrow
24:18 Crossbowman
29:16 Leather Archer Armor
ArfGran
7:43 Loom
10:28 Feudal Age
11:08 Double-Bit Axe
13:50 Padded Archer Armor
14:04 Fletching
17:14 Horse Collar
19:19 Gold Mining
22:19 Wheelbarrow
27:32 Castle Age
27:43 Crossbowman
28:15 Crossbowman
29:00 Bodkin Arrow
Backspace
5:53 Loom
7:07 Loom
10:02 Feudal Age
15:52 Fletching
21:05 Padded Archer Armor
26:23 Castle Age
27:00 Bodkin Arrow
26:27 Crossbowman
mmmbokchoi
6:19 Loom
6:23 Loom
9:04 Feudal Age
10:03 Double-Bit Axe
11:49 Horse Collar
16:09 Scale Barding Armor
19:53 Forging
24:26 Castle Age
23:27 Gold Mining
25:12 Husbandry
25:33 Chain Barding Armor
26:08 Bow Saw
26:09 Heavy Plow
27:57 Crossbowman
jiraiona
9:23 Feudal Age
9:25 Man-at-Arms
9:52 Double-Bit Axe
12:51 Loom
12:56 Arson
14:18 Scale Mail Armor
15:30 Forging
21:52 Castle Age
22:03 Gold Mining
22:02 Long Swordsman
23:49 Padded Archer Armor
23:13 Pikeman
24:11 Chain Mail Armor
24:07 Gambesons
27:41 Wheelbarrow
28:45 Iron Casting
I'm AOE2 Noob
8:55 Feudal Age
8:29 Loom
9:35 Double-Bit Axe
17:11 Scale Barding Armor
18:14 Bloodlines
20:19 Wheelbarrow
20:33 Horse Collar
24:44 Castle Age
24:18 Forging
24:41 Gold Mining
24:45 Light Cavalry
25:50 Chain Barding Armor
26:45 Husbandry
26:39 Town Watch
Connection lost

Rejoining the realm…

Still unreachable

The connection could not be restored.

Session expired

The server has moved on; the page needs a fresh start.